 Dungeon Crawl Stone Soup version 0.23-a0-61-g4bf3f6c (webtiles) character file.

161 galech the Chopper (level 5, -3/43 HPs)
             Began as a Gnoll Wanderer on Aug 9, 2018.
             Killed from afar by an orc wizard (9 damage)
             ... with a puff of frost
             ... on level 3 of the Dungeon.
             The game lasted 00:02:19 (1739 turns).

galech the Chopper (Gnoll Wanderer)                 Turns: 1739, Time: 00:02:20

Health: -3/43      AC:  9    Str: 13    XL:     5   Next: 42%
Magic:  7/7        EV: 12    Int: 15    God:
Gold:   28         SH:  0    Dex: 16    Spells: 6/6 levels left

rFire    . . .     SeeInvis .   b - +0 hand axe
rCold    . . .     Gourm    .   (no shield)
rNeg     . . .     Faith    .   a - +2 scale mail
rPois    .         Spirit   .   (no helmet)
rElec    .         Reflect  .   (no cloak)
rCorr    .         Harm     .   (no gloves)
MR       .....                  (no boots)
Stlth    +.........             (no amulet)
HPRegen  0.14/turn              j - ring of flight
MPRegen  0.10/turn              o - +3 ring of evasion

@: no status effects
A: distributed training, fangs 1, strong nose
a: Evoke Flight


You were on level 3 of the Dungeon.
You were not hungry.

You visited 1 branch of the dungeon, and saw 3 of its levels.

You collected 28 gold pieces.

Inventory:

Hand Weapons
 b - a +0 hand axe (weapon)
 d - a +0 dagger
Armour
 a - a +2 scale mail (worn)
Jewellery
 j - a ring of flight (left hand)
 o - a +3 ring of evasion (right hand)
Scrolls
 h - 4 scrolls of identify {unknown}
 k - a scroll of fog {unknown}
 m - a scroll of enchant armour {unknown}
 n - a scroll of teleportation {unknown}
 q - a scroll of remove curse {unknown}
Potions
 c - 2 potions of curing
 e - a potion of brilliance {unknown}
 i - 5 potions of lignification {unknown}
 l - a potion of ambrosia {unknown}
 p - a potion of flight {unknown}
 r - a potion of heal wounds {unknown}
Comestibles
 f - 5 rations
 g - 5 chunks of flesh


   Skills:
 + Level 4.8 Fighting
 + Level 1.4 Short Blades
 + Level 1.4 Long Blades
 + Level 6.7 Axes
 + Level 1.4 Maces & Flails
 + Level 1.4 Polearms
 + Level 1.4 Staves
 + Level 1.4 Slings
 + Level 3.0 Bows
 + Level 1.4 Crossbows
 + Level 1.4 Throwing
 + Level 4.8 Armour
 + Level 1.4 Dodging
 + Level 4.4 Stealth
 + Level 1.4 Shields
 + Level 1.4 Unarmed Combat
 + Level 1.4 Spellcasting
 + Level 1.1 Conjurations
 + Level 1.1 Hexes
 + Level 1.1 Charms
 + Level 1.1 Summonings
 + Level 1.1 Necromancy
 + Level 1.1 Translocations
 + Level 1.1 Transmutations
 + Level 1.1 Fire Magic
 + Level 1.1 Ice Magic
 + Level 1.1 Air Magic
 + Level 1.1 Earth Magic
 + Level 1.1 Poison Magic
 + Level 1.6 Invocations
 + Level 1.4 Evocations


You had 6 spell levels left.
You didn't know any spells.
Your spell library was empty.

Dungeon Overview and Level Annotations

Branches:
Dungeon (3/15)

Altars:


Innate Abilities, Weirdness & Mutations

Your experience applies equally to all skills.
You have very sharp teeth.
Your uncanny sense of smell can sniff out nearby items.


Message History

You hear some strange, mumbled words.
A magic dart appears from out of thin air!
The magic dart hits you!
You hit something. Something hits you.
You barely miss something. Something hits you but does no damage.
You hear some strange, mumbled words.
A puff of flame appears from out of thin air!
The puff of flame hits you!
* * * LOW HITPOINT WARNING * * *
You miss something. Something hits you.
* * * LOW HITPOINT WARNING * * *
You miss something.
Something hits you but does no damage. x2
You miss something. You bite something. Something hits you but does no damage.
You barely miss something. Something hits you.
* * * LOW HITPOINT WARNING * * *
You slash something! Something hits you but does no damage.
You hear some strange, mumbled words.
A puff of frost appears from out of thin air!
The puff of frost hits you!
You die...

#.# #(# #.###.#. #.#
#.# #...#.#. ##+# #.#
#.#.#.#. ##...## #.#
#.#.#.#† ##.....##
#.###.......
##.......##
#.........##
#.....)..!####...##.###
+.......{)+.......#.#
#...>..@..####...##.#
##.....).........##.#
##.....#.######.##.#
##...##.# #.##.# ##'#
#.# #.# #. #.# .. #.
#.# .. ... #.


There were no monsters in sight!

Vanquished Creatures
  Natasha (thrice) (D:2)
  3 adders
  3 dart slugs (D:1)
  2 worms
  2 leopard geckos
  4 orcs (D:3)
  4 bats
  6 giant cockroaches
  2 goblins
  5 hobgoblins (D:2)
  A ball python (D:2)
  4 frilled lizards (D:2)
  3 kobolds
  4 rats
46 creatures vanquished.

Notes
Turn   | Place    | Note
-------+----------+-------------------------------------------
     0 | D:1      | galech the Gnoll Wanderer began the quest for the Orb.
     0 | D:1      | galech set off with: a +2 scale mail, a +0 hand axe, a potion of curing, a +0 dagger, a ration
     0 | D:1      | Reached XP level 1. HP: 20/20 MP: 1/1
    59 | D:1      | Reached XP level 2. HP: 26/26 MP: 2/2
   663 | D:2      | Noticed Natasha
   668 | D:2      | Reached XP level 3. HP: 31/31 MP: 3/3
   677 | D:2      | Killed Natasha
   677 | D:2      | Reached skill level 1 in Invocations
   920 | D:2      | Reached skill level 1 in Short Blades
   920 | D:2      | Reached skill level 1 in Long Blades
   920 | D:2      | Reached skill level 1 in Maces & Flails
   920 | D:2      | Reached skill level 1 in Polearms
   920 | D:2      | Reached skill level 1 in Staves
   920 | D:2      | Reached skill level 1 in Slings
   920 | D:2      | Reached skill level 1 in Crossbows
   920 | D:2      | Reached skill level 1 in Throwing
   920 | D:2      | Reached skill level 1 in Dodging
   920 | D:2      | Reached skill level 1 in Shields
   920 | D:2      | Reached skill level 1 in Unarmed Combat
   920 | D:2      | Reached skill level 1 in Spellcasting
   920 | D:2      | Reached skill level 1 in Evocations
   920 | D:2      | Reached XP level 4. HP: 36/38 MP: 5/5
  1044 | D:2      | Noticed Natasha
  1052 | D:2      | Killed Natasha
  1084 | D:2      | Noticed Natasha
  1110 | D:2      | Killed Natasha
  1110 | D:2      | Reached skill level 1 in Conjurations
  1110 | D:2      | Reached skill level 1 in Hexes
  1110 | D:2      | Reached skill level 1 in Charms
  1110 | D:2      | Reached skill level 1 in Summonings
  1110 | D:2      | Reached skill level 1 in Necromancy
  1110 | D:2      | Reached skill level 1 in Translocations
  1110 | D:2      | Reached skill level 1 in Transmutations
  1110 | D:2      | Reached skill level 1 in Fire Magic
  1110 | D:2      | Reached skill level 1 in Ice Magic
  1110 | D:2      | Reached skill level 1 in Air Magic
  1110 | D:2      | Reached skill level 1 in Earth Magic
  1110 | D:2      | Reached skill level 1 in Poison Magic
  1110 | D:2      | Reached XP level 5. HP: 23/43 MP: 6/6
  1739 | D:3      | Killed from afar by an orc wizard

Vault maps used:
D:1:      scummos_arrival_forest, minmay_tree_intersection
D:2:      uniq_natasha
D:3:      first_ration, kennysheep_generic_room_2

Skill      XL: |  1  2  3  4  5 |
---------------+----------------+-----
Invocations    | 1 |  1.6
Short Blades   | 1 |  1.4
Long Blades    | 1 |  1.4
Maces & Flails | 1 |  1.4
Polearms       | 1 |  1.4
Staves         | 1 |  1.4
Slings         | 1 |  1.4
Crossbows      | 1 |  1.4
Throwing       | 1 |  1.4
Dodging        | 1 |  1.4
Shields        | 1 |  1.4
Unarmed Combat | 1 |  1.4
Spellcasting   | 1 |  1.4
Evocations     | 1 |  1.4
Conjurations   | 1 |  1.1
Hexes          | 1 |  1.1
Charms         | 1 |  1.1
Summonings     | 1 |  1.1
Necromancy     | 1 |  1.1
Translocations | 1 |  1.1
Transmutations | 1 |  1.1
Fire Magic     | 1 |  1.1
Ice Magic      | 1 |  1.1
Air Magic      | 1 |  1.1
Earth Magic    | 1 |  1.1
Poison Magic   | 1 |  1.1
Bows           | 3 |  3.0
Fighting       | |  4.8
Axes           | |  6.7
Armour         | |  4.8
Stealth        | |  4.4

Action                   |  1- 3 |  4- 6 || total
-------------------------+-------+-------++-------
Melee: Hand axe          |    83 |   124 ||   207
       Bite              |     8 |    11 ||    19
       Punch             |       |     1 ||     1
 Stab: Sleeping          |     1 |     2 ||     3
  Eat: Chunk             |       |     3 ||     3
Armor: Scale mail        |    34 |    58 ||    92
Dodge: Dodged            |    42 |    61 ||   103

Table legend:
 A = Non-vault XP
 B = Vault XP
 C = Vault XP percentage of total XP
 D = Non-vault monster count
 E = Vault monster count
 F = Vault count percentage of total count
 G = Total turns spent on level
                 A         B        C        D         E       F
            +---------+---------+-------+---------+---------+-------
      Total |     195 |      36 |  15.6 |      45 |       1 |   2.2
            +---------+---------+-------+---------+---------+-------
        D:1 |      27 |       0 |   0.0 |      12 |       0 |   0.0
        D:2 |     114 |      36 |  24.0 |      21 |       1 |   4.5
        D:3 |      54 |       0 |   0.0 |      12 |       0 |   0.0
            +---------+---------+-------+---------+---------+-------
